 Dungeon Crawl Stone Soup version 0.31.0-11-ge490571c62 (webtiles) character file.

Game seed: 7268279126933041606

39 qw the Shooter (level 3, 0/20 HPs)
             Began as a Deep Elf Hunter on Feb 4, 2024.
             Slain by a rat (2 damage)
             ... on level 1 of the Dungeon.
             The game lasted 00:00:02 (670 turns).

qw the Shooter (Deep Elf Hunter)                     Turns: 670, Time: 00:00:02

Health: 0/20       AC:  0    Str: 10    XL:     3   Next: 26%
Magic:  5/5        EV: 13    Int: 13    God:
Gold:   37         SH:  0    Dex: 18    Spells: 2/2 levels left

rFire   . . .        a - +0 shortbow
rCold   . . .        (shield currently unavailable)
rNeg    . . .        (no body armour)
rPois   .            (no helmet)
rElec   .            (no cloak)
rCorr   .            (no gloves)
SInv    .            (no boots)
Will    .....        (no amulet)
Stlth   ++           (no ring)
HPRegen 0.23/turn    (no ring)
MPRegen 0.09/turn

%: no passive effects
@: no status effects
A: no striking features
a: no special abilities


You were on level 1 of the Dungeon.
You visited 1 branch of the dungeon, and saw 1 of its levels.

You collected 37 gold pieces.


   Skills:
 - Level 1.5 Fighting
 + Level 6.8 Ranged Weapons
 - Level 2.4 Dodging
 - Level 1.2 Stealth


You had 2 spell levels left.
You didn't know any spells.
Your spell library was empty.

Inventory:

Hand Weapons
 a - a +0 shortbow (weapon)
Armour
 c - a +0 leather armour
 f - a +0 ring mail
Scrolls
 b - a scroll of butterflies
 d - a scroll of fog {unknown}
 e - a scroll of amnesia {unknown}

Dungeon Overview and Level Annotations

Branches:
Dungeon (1/15)

Altars:


Message History

HP restored.
Found a book of Battle.
Enter note: You see here a book of Battle.
You see here a rat corpse.
A goblin and a rat come into view.
Found a ring mail.
The goblin moves out of view.
A rat is nearby!
656 ||| UPGRADING to +0 ring mail.
You start removing your armour.
You continue taking off your +0 leather armour. x4
The rat squeaks loudly.
You finish taking off your +0 leather armour.
You shoot an arrow. The arrow hits the quokka.
The quokka is heavily wounded.
The quokka closely misses you.
You shoot an arrow. The arrow barely misses the quokka.
The quokka bites you.
You shoot an arrow. The arrow barely misses the quokka.
The quokka barely misses you. The goblin misses you.
You shoot an arrow. The arrow barely misses the quokka.
The bat hits you. The quokka bites you. The goblin hits you with a +0 club.
The quokka closely misses you.
You shoot an arrow. The arrow completely misses the quokka.
The bat hits you. x2; The quokka closely misses you.
The goblin misses you.
You shoot an arrow. The arrow hits the quokka.
The quokka is heavily wounded.
The bat hits you. The quokka bites you. The goblin hits you with a +0 club.
You shoot an arrow. The arrow closely misses the quokka.
The bat closely misses you. x2; The quokka bites you.
The goblin misses you. The rat barely misses you. The bat barely misses you.
The quokka bites you.
You shoot an arrow. The arrow misses the quokka.
The bat misses you. The goblin misses you. The rat closely misses you.
The quokka barely misses you.
You shoot an arrow. The arrow hits the quokka.
You kill the quokka!
The bat barely misses you. The rat misses you. The goblin misses you.
You shoot an arrow. The arrow barely misses the rat.
The bat hits you. x2; The rat bites you.
You die...

#...#.##.##.###.#
+...#.##.##.....#
#...#.....%...... #.
#...#####.#######
....####...#####.##
#...............#
#.###b#.........#
#.#.........######
#@).........).....
#...#..gr...............
[##.##...........)......
# #.............#####
#.............#
......%.......####
.................#
.###########......#
#......#


You could see a goblin, a bat and a rat.

Vanquished Creatures
  A gnoll (D:1)
  2 endoplasms (D:1)
  A giant cockroach (D:1)
  5 goblins (D:1)
  2 hobgoblins (D:1)
  3 jackals (D:1)
  3 kobolds (D:1)
  4 quokkas (D:1)
  A bat (D:1)
  2 rats (D:1)
24 creatures vanquished.

Notes
Turn   | Place    | Note
-------+----------+-------------------------------------------
     0 | D:1      | qw the Deep Elf Hunter began the quest for the Orb.
     0 | D:1      | Reached XP level 1. HP: 12/12 MP: 3/3
     0 | D:1      | 0 ||| qw: Version: 0.3-a-160-g6735b56
     0 | D:1      | 0 ||| qw: Game counter: 5193
     0 | D:1      | 0 ||| qw: Melee chars always use a shield: true
     0 | D:1      | 0 ||| qw: God list: Okawaru
     0 | D:1      | 0 ||| qw: Allow faded altars: false
     0 | D:1      | 0 ||| qw: Do Orc after clearing Dungeon:15 true
     0 | D:1      | 0 ||| qw: Do second Lair branch before Depths: true
     0 | D:1      | 0 ||| qw: Lair rune preference: random
     0 | D:1      | 0 ||| qw: Goals: Normal
     0 | D:1      | 0 ||| PLANNING D:1-11
   164 | D:1      | Reached skill level 6 in Ranged Weapons
   164 | D:1      | Reached XP level 2. HP: 16/16 MP: 4/4
   513 | D:1      | Reached XP level 3. HP: 20/20 MP: 5/5
   656 | D:1      | 656 ||| UPGRADING to +0 ring mail.
   667 | D:1      | HP: 5/20 [quokka (3)]
   670 | D:1      | HP: 2/20 [bat (1)]
   670 | D:1      | Slain by a rat

Levels and vault maps discovered:
D:1:      kilobyte_arrival_exit_the_forest, layout_basic,
          minmay_misc_feat_roman, minivault_27, minmay_heptomino_o4

Skill      XL: |  1 |
---------------+----+-----
Ranged Weapons | 6 |  6.8
Fighting       | |  1.5
Dodging        | |  2.4
Stealth        | |  1.2

Action                     || total
---------------------------++-------
   Fire: Shortbow          ||    83
 Armour: Leather armour    ||     8
         Skin              ||    14
  Dodge: Dodged            ||    30

Table legend:
 A = Non-vault XP
 B = Vault XP
 C = Vault XP percentage of total XP
 D = Non-vault monster count
 E = Vault monster count
 F = Vault count percentage of total count
                 A         B        C        D         E       F
            +---------+---------+-------+---------+---------+-------
      Total |      54 |       2 |   3.6 |      23 |       1 |   4.2
            +---------+---------+-------+---------+---------+-------
        D:1 |      54 |       2 |   3.6 |      23 |       1 |   4.2
            +---------+---------+-------+---------+---------+-------
